Map: Dash and Terminal LE (Void)

Players

Tokash

  • Race: Zerg Zerg
  • League: Platinum

Womec - Winner!

  • Race: Terran Terran
  • League: Platinum

VOD

Have the link to the VOD?

Description

Tokash does roach drop, I survive and attempt to mech with liberators.

Time

  • Played on: Oct. 31, 2015, 12:46 a.m.
  • Length: 20:30
Show
View Real Time Build Order
Export as new Build Order

Tokash Zerg 

Build Orders: Pool First 

Get SALT Encoding   

  12  0:01  Drone  
  13  0:12  Overlord  
  13  0:18  Drone  
  14  0:30  Drone x2  
  14  0:34  Drone  
  17  0:45  Drone  
  17  0:49  Spawning Pool  
  17  0:54  Extractor  
  17  0:55  Drone  
  17  1:06  Drone  
  18  1:31  Drone x2  
  20  1:36  Queen  
  22  1:40  Overlord  
  21  1:48  Hatchery  
  20  1:55  Evolution Chamber  
  19  2:04  Zergling x2  
  19  2:06  Drone  
  21  2:11  Drone  
  22  2:17  Roach Warren  
  22  2:21  Drone  
  22  2:29  Zerg Missile Weapons Level 1  
  22  2:45  Overlord  
  22  3:00  Roach  
  22  3:01  Roach x4  
  32  3:14  Queen  
  32  3:17  Drone  
  32  3:18  Drone  
  36  3:28  Drone x3  
  36  3:33  Roach  
  41  3:37  Drone  
  42  3:42  Overlord  
  42  3:44  Drone  
  43  4:03  Drone x2  
  43  4:04  Drone x3  
  43  4:08  Overlord  
  47  4:26  Roach x3  
  47  4:30  Evolution Chamber  
  52  4:33  Evolution Chamber  
  51  4:40  Spore Crawler  
  51  4:43  Spore Crawler  
  51  4:45  Drone x6, Spore Crawler  
  52  4:46  Drone  
  52  4:47  Spore Crawler  
  52  4:52  Metabolic Boost  
  54  4:54  Drone  
  52  5:20  Drone x3  
  52  5:21  Drone x4  
  57  5:23  Extractor  
  57  5:25  Extractor  
  57  5:26  Lair  
  53  5:30  Drone x3, Extractor  
  51  5:54  Queen  
  53  5:59  Zerg Ground Armor Level 1  
  53  6:02  Hatchery, Drone  
  53  6:10  Drone x5  
  53  6:11  Drone  
  59  6:19  Overlord  
  59  6:20  Overlord x2  
  59  6:36  Overseer  
  59  6:43  Drone  
  59  6:44  Drone, Spire  
  59  6:46  Queen  
  62  6:54  Overlord  
  62  6:55  Overlord  
  62  7:18  Drone x6  
  62  7:19  Drone  
  62  7:20  Drone  
  70  7:29  Spore Crawler, Roach  
  75  7:30  Roach x3  
  75  7:33  Zerg Missile Weapons Level 2  
  75  7:36  Glial Reconstitution  
  77  7:46  Queen  
  77  7:47  Queen  
  81  7:57  Drone x6  
  87  8:08  Hydralisk Den  
  87  8:09  Drone  
  87  8:10  Drone x3  
  87  8:11  Hatchery, Drone x3  
  93  8:21  Mutalisk x2  
  97  8:42  Drone  
  97  8:43  Drone  
  99  8:53  Drone  
  99  8:54  Drone x5  
  105  8:58  Pneumatized Carapace  
  105  9:01  Overlord  
  105  9:14  Muscular Augments  
  105  9:20  Roach x2  
  105  9:21  Roach x2  
  105  9:22  Extractor  
  105  9:23  Extractor  
  105  9:24  Overlord x2  
  111  9:29  Hatchery  
  111  9:30  Hatchery  
  109  9:34  Hydralisk x2  
  113  9:39  Overlord x4  
  113  9:43  Ravager  
  115  10:05  Hydralisk  
  115  10:06  Hydralisk x12  
  137  10:16  Ravager  
  137  10:17  Ravager x7  
  137  10:18  Overlord x3  
  139  10:21  Queen  
  139  10:22  Queen  
  143  10:33  Hatchery  
  139  10:53  Hatchery  
  138  11:03  Corruptor x3  
  138  11:04  Corruptor x6  
  156  11:15  Overlord x3  
  152  11:58  Roach  
  152  11:59  Roach x14  
  182  12:18  Roach  
  182  12:19  Roach x4  
  192  12:25  Infestation Pit  
  191  12:36  Hatchery  
  190  12:38  Drone x5  
  195  12:44  Zerg Ground Armor Level 2, Spine Crawler  
  195  12:46  Spine Crawler  
  195  12:47  Spine Crawler x2  
  195  12:49  Spine Crawler  
  195  12:50  Spine Crawler  
  189  12:59  Tunneling Claws  
  189  13:06  Drone x5  
  189  13:07  Drone  
  189  13:09  Extractor  
  189  13:10  Extractor  
  138  13:31  Hydralisk  
  138  13:32  Hydralisk x12  
  148  13:54  Roach x4  
  148  13:55  Roach x13  
  176  13:59  Hive  
  176  14:02  Overlord  
  176  14:22  Burrow  
  172  14:49  Corruptor x4  
  172  14:50  Corruptor x6  
  177  15:03  Overseer  
  177  15:07  Overseer x2  
  142  15:52  Greater Spire  
  142  15:58  Zerg Ground Armor Level 3, Ultralisk Cavern  
  142  16:02  Zerg Missile Weapons Level 3  
  141  16:15  Corruptor x5  
  141  16:18  Extractor  
  150  16:20  Extractor  
  149  16:29  Extractor  
  149  16:32  Extractor  
  147  16:39  Hatchery  
  115  16:59  Roach x13  
  115  17:00  Roach x7  
  142  17:08  Zergling x14  
  129  17:09  Zergling x16  
  108  17:39  Corruptor x8  
  108  17:40  Corruptor x5  
  108  17:42  Roach x12  
  121  18:14  Corruptor  
  121  18:15  Corruptor x6  
  130  18:22  Spine Crawler  
  117  18:43  Corruptor x2  
  118  18:54  Brood Lord  
  88  19:11  Brood Lord  
  90  19:28  Spine Crawler  
  89  19:33  Brood Lord  
  89  19:34  Brood Lord  
  89  19:36  Extractor  
  88  19:46  Hatchery  
Show
View Real Time Build Order
Export as new Build Order

Womec Terran - Winner!

Build Orders: Command Center First (CC) 

Get SALT Encoding   

  12  0:00  SCV  
  13  0:13  SCV  
  14  0:19  Supply Depot  
  14  0:25  SCV  
  15  0:41  SCV  
  16  0:53  SCV  
  17  1:02  Command Center  
  17  1:05  SCV  
  18  1:16  Barracks  
  18  1:19  SCV  
  19  1:29  Refinery  
  19  1:31  SCV  
  20  1:38  Refinery  
  20  1:43  SCV  
  21  2:14  Marine  
  21  2:15  Bunker, Orbital Command  
  22  2:16  Orbital Command  
  22  2:32  Marine  
  22  2:34  Factory  
  23  2:43  SCV  
  25  2:49  Orbital Command  
  24  2:54  Bunker  
  24  2:59  Barracks Reactor  
  24  3:04  Supply Depot  
  25  3:05  SCV  
  25  3:12  Command Center  
  25  3:15  SCV  
  26  3:23  Starport  
  26  3:30  SCV x2  
  28  3:42  SCV x2  
  28  3:46  Barracks Reactor, Supply Depot  
  28  3:47  Hellion  
  32  3:50  Hellion  
  32  3:54  SCV  
  35  3:56  SCV  
  35  3:59  Starport Tech Lab  
  36  4:06  SCV  
  36  4:08  SCV  
  36  4:09  Supply Depot, Hellion  
  40  4:12  Hellion  
  42  4:18  SCV  
  42  4:23  Banshee  
  41  4:27  Marine  
  41  4:43  Marine  
  41  4:45  Orbital Command, Marine  
  41  4:49  Refinery  
  41  4:50  Supply Depot, Refinery  
  40  4:53  Widow Mine x2  
  40  4:58  SCV x2  
  46  5:10  SCV  
  43  5:17  Starport  
  43  5:19  Starport  
  43  5:21  Starport Tech Lab  
  42  5:29  SCV x3  
  42  5:32  Marine x2  
  42  5:33  Hellion  
  47  5:44  SCV  
  47  5:45  SCV x2  
  50  5:54  Marine x2  
  50  5:55  Supply Depot, Starport Tech Lab  
  50  5:56  Starport Tech Lab  
  50  5:57  SCV x2  
  53  6:00  SCV  
  55  6:09  SCV x2  
  57  6:12  SCV  
  57  6:15  Engineering Bay  
  58  6:21  SCV x2  
  58  6:24  SCV  
  58  6:25  Cloaking Field  
  61  6:28  Supply Depot  
  61  6:32  Banshee  
  64  6:33  SCV  
  64  6:34  SCV  
  64  6:36  SCV  
  67  6:42  Widow Mine x2  
  67  6:43  Marine x2  
  73  6:48  Missile Turret  
  73  6:50  SCV x2  
  76  6:54  Missile Turret  
  76  6:55  Banshee  
  78  7:02  SCV x2  
  80  7:09  Marine x2  
  80  7:10  Banshee  
  80  7:14  SCV x2  
  87  7:19  Orbital Command  
  87  7:28  Hellion x2  
  91  7:30  Armory  
  91  7:44  Refinery  
  91  7:49  Hellion  
  93  7:56  Missile Turret  
  93  7:57  Refinery, Missile Turret  
  93  8:09  Supply Depot x2  
  93  8:10  Supply Depot  
  93  8:11  Supply Depot  
  93  8:13  Liberator x3  
  93  8:29  Terran Ship Weapons Level 1  
  93  8:30  SCV x2  
  93  8:31  SCV  
  93  8:33  Armory, Missile Turret  
  99  8:42  SCV x2  
  99  8:43  SCV  
  102  8:54  SCV x2  
  102  8:55  SCV  
  105  8:56  Liberator x3  
  105  8:59  Factory  
  105  9:03  Supply Depot  
  105  9:05  Supply Depot  
  105  9:06  Supply Depot, SCV  
  105  9:09  Hellion x2  
  107  9:13  Factory  
  116  9:38  Liberator x2  
  116  9:42  Hellion x2  
  116  9:43  Factory Tech Lab  
  120  9:46  Terran Vehicle And Ship Armor Level 1  
  120  9:51  Armory, Missile Turret  
  104  10:28  Factory Tech Lab  
  104  10:36  Hellion x2  
  104  10:37  Siege Tank  
  104  10:38  Factory  
  104  10:39  Command Center, Refinery  
  104  10:40  Refinery  
  109  10:43  Liberator x2  
  109  10:44  Liberator x2  
  105  10:56  Hellion x4  
  105  11:00  Command Center  
  105  11:02  Missile Turret  
  105  11:03  Hellion x3, Missile Turret  
  123  11:07  Terran Vehicle Weapons Level 1  
  123  11:09  Hellion, Sensor Tower, Missile Turret  
  125  11:11  Missile Turret  
  125  11:12  Missile Turret  
  125  11:24  Hellion x3  
  131  11:26  Liberator  
  116  11:40  Siege Tank  
  116  11:41  Siege Tank  
  116  11:46  Siege Tank  
  122  12:05  Hellion x2  
  122  12:07  Liberator x2  
  123  12:13  Siege Tank x2  
  129  12:18  Siege Tank  
  129  12:21  Command Center  
  126  12:26  Hellion  
  134  12:34  Terran Ship Weapons Level 2  
  134  12:36  Hellion  
  128  12:45  Siege Tank, Infernal Pre-Igniter  
  131  12:53  Fusion Core  
  131  13:06  Refinery x2, Missile Turret  
  131  13:07  Missile Turret  
  131  13:08  Missile Turret x2  
  131  13:13  Liberator  
  131  13:14  Liberator x3  
  113  13:32  Hellion x2  
  119  13:55  Hellion, Siege Tank x2  
  121  13:56  Hellion, Liberator  
  123  14:07  Advanced Ballistics  
  126  14:19  Supply Depot  
  126  14:21  Planetary Fortress  
  126  14:30  Siege Tank  
  126  14:31  Siege Tank  
  126  14:41  Liberator x2  
  117  14:45  Siege Tank  
  120  14:54  Supply Depot  
  126  15:01  SCV x2  
  128  15:14  SCV x2  
  128  15:15  SCV  
  121  15:33  Hellion x5  
  131  15:42  SCV x2  
  133  15:43  SCV  
  134  15:51  Terran Vehicle Weapons Level 2  
  134  15:54  SCV, Hellion  
  139  15:57  Hellion x2  
  141  16:08  Supply Depot  
  141  16:09  Supply Depot  
  141  16:18  Hellion x3  
  147  16:19  Liberator x4  
  143  17:04  Hellion x4  
  143  17:05  Hellion  
  143  17:08  Liberator  
  135  17:26  Cyclone x2, Hellion x2  
  140  17:43  Siege Tank  
  143  17:47  Hellion  
  143  17:58  Siege Tank  
  139  18:01  Siege Tank  
  142  18:15  Siege Tank  
  135  18:30  Siege Tank  
  135  18:33  Siege Tank  
  136  18:39  Liberator x4  
  130  18:47  Siege Tank  
  127  19:14  Command Center  
  127  19:22  Liberator x4  
  127  19:28  Hellion x3, Siege Tank  
Tags
 
Add a new tag
Caveats
  • Supply blocks, unpowered buildings, or Contaminate may cause inaccurate times.
  • Supply counts are checked every 10 seconds.